 Dungeon Crawl Stone Soup version 0.22.0-16-gc6d26f6 (webtiles) character file.

77 Amnesiac the Vandal (level 4, -8/35 HPs)
             Began as a Mummy Hunter on Aug 17, 2018.
             Mangled by Crazy Yiuf
             ... wielding a +4 quarterstaff of chaos
              (10 damage)
             ... while paralysed by Crazy Yiuf
             ... on level 2 of the Dungeon.
             The game lasted 00:02:39 (1958 turns).

Amnesiac the Vandal (Mummy Hunter)                  Turns: 1958, Time: 00:02:40

Health: -8/35      AC:  4    Str: 20    XL:     4   Next: 13%
Magic:  4/4        EV:  2    Int: 10    God:
Gold:   80         SH:  0    Dex: 12    Spells: 3/3 levels left

rFire    x . .     SeeInvis .   a - +1 hunting sling
rCold    + . .     Gourm    .   (no shield)
rNeg     + + +     Faith    .   c - +0 leather armour
rPois    ∞         Spirit   .   (no helmet)
rElec    .         Reflect  .   (no cloak)
rCorr    .         Harm     .   l - +0 pair of gloves
MR       .....                  (no boots)
Stlth    ..........             (no amulet)
HPRegen  0.11/turn              f - ring of attention (curse)
MPRegen  0.09/turn              g - +4 ring of strength

@: paralysed
A: no food or potions, fire vulnerability, cold resistance 1, negative energy
resistance 3, torment resistance, unbreathing
a: no special abilities


You were on level 2 of the Dungeon.
You were not hungry.

You visited 1 branch of the dungeon, and saw 2 of its levels.

You collected 80 gold pieces.

Inventory:

Hand Weapons
 a - a +1 hunting sling (weapon)
 b - a +0 short sword
Missiles
 d - 12 sling bullets (quivered)
 e - 22 stones
 j - 6 tomahawks
Armour
 c - a +0 leather armour (worn)
 l - a +0 pair of gloves (worn)
Jewellery
 f - a cursed ring of attention (left hand)
 g - a +4 ring of strength (right hand)
Scrolls
 h - a scroll of enchant armour {!r, unknown}
 i - 2 scrolls of remove curse {!r, unknown}
 k - a scroll of magic mapping {!r, unknown}


   Skills:
 + Level 3.0 Fighting
 * Level 4.3 Slings
 - Level 1.5 Dodging
 - Level 0.7 Stealth


You had 3 spell levels left.
You didn't know any spells.
Your spell library was empty.

Dungeon Overview and Level Annotations

Branches:
Dungeon (2/15)

Altars:
Qazlal

Annotations:
D:2 Crazy Yiuf


Innate Abilities, Weirdness & Mutations

You do not eat or drink.
Your flesh is vulnerable to fire.
You are immune to poison.
Your flesh is cold resistant. (rC+)
You are immune to negative energy. (rN+++)
You are immune to unholy pain and torment.
You can survive without breathing.


Message History

Key pressed, stopping explore.
Partly explored, unopened runed door.
a - a +1 hunting sling (weapon)
Search for what [Enter for "bod", or ? for help]?
You open the door.
Crazy Yiuf the Enlightened comes into view.
He is wielding a quarterstaff of chaos.
Crazy Yiuf shouts!
Found a mace.
Firing (i - inventory. (/) - cycle)
d - 20 sling bullets (quivered)
Press: ? - help, Shift-Dir - straight line, f - Crazy Yiuf
Aim: Crazy Yiuf, wielding a quarterstaff of chaos and wearing a cloak You shoot a sling bullet.
The sling bullet barely misses Crazy Yiuf.
Crazy Yiuf yells, "Sif Muna spinner tea!"
Firing (i - inventory. (/) - cycle)
d - 19 sling bullets (quivered)
Press: ? - help, Shift-Dir - straight line, f/p - Crazy Yiuf
Aim: Crazy Yiuf, wielding a quarterstaff of chaos and wearing a cloak You shoot a sling bullet.
The sling bullet hits Crazy Yiuf!
Crazy Yiuf is moderately wounded.
Firing (i - inventory. (/) - cycle)
d - 18 sling bullets (quivered)
Press: ? - help, Shift-Dir - straight line, f/p - Crazy Yiuf
Aim: Crazy Yiuf, wielding a quarterstaff of chaos and wearing a cloak (moderately wounded)
You shoot a sling bullet.
The sling bullet barely misses Crazy Yiuf.
Crazy Yiuf barely misses you.
Firing (i - inventory. (/) - cycle)
d - 17 sling bullets (quivered)
Press: ? - help, Shift-Dir - straight line, f/p - Crazy Yiuf
Aim: Crazy Yiuf, wielding a quarterstaff of chaos and wearing a cloak (moderately wounded)
You shoot a sling bullet. The sling bullet hits Crazy Yiuf.
Crazy Yiuf is heavily wounded.
Crazy Yiuf barely misses you.
Firing (i - inventory. (/) - cycle)
d - 16 sling bullets (quivered)
Press: ? - help, Shift-Dir - straight line, f/p - Crazy Yiuf
Aim: Crazy Yiuf, wielding a quarterstaff of chaos and wearing a cloak (heavily wounded)
You shoot a sling bullet. The sling bullet hits Crazy Yiuf.
Crazy Yiuf is severely wounded.
Crazy Yiuf barely misses you.
Firing (i - inventory. (/) - cycle)
d - 15 sling bullets (quivered)
Press: ? - help, Shift-Dir - straight line, f/p - Crazy Yiuf
Aim: Crazy Yiuf, wielding a quarterstaff of chaos and wearing a cloak (severely wounded)
You shoot a sling bullet.
The sling bullet closely misses Crazy Yiuf.
Firing (i - inventory. (/) - cycle)
d - 14 sling bullets (quivered)
Press: ? - help, Shift-Dir - straight line, f/p - Crazy Yiuf
Aim: Crazy Yiuf, wielding a quarterstaff of chaos and wearing a cloak (severely wounded)
You shoot a sling bullet. The sling bullet hits Crazy Yiuf.
Crazy Yiuf is severely wounded.
Crazy Yiuf hits you with a quarterstaff of chaos!
Firing (i - inventory. (/) - cycle)
d - 13 sling bullets (quivered)
Press: ? - help, Shift-Dir - straight line, f/p - Crazy Yiuf
Aim: Crazy Yiuf, wielding a quarterstaff of chaos and wearing a cloak (severely wounded)
You shoot a sling bullet.
The sling bullet barely misses Crazy Yiuf.
Crazy Yiuf hits you with a quarterstaff of chaos!
* * * LOW HITPOINT WARNING * * *
You suddenly lose the ability to move!
Crazy Yiuf hits you with a quarterstaff of chaos.
* * * LOW HITPOINT WARNING * * *
Crazy Yiuf burns you.
* * * LOW HITPOINT WARNING * * *
Crazy Yiuf hits you with a quarterstaff of chaos!
* * * LOW HITPOINT WARNING * * *
Crazy Yiuf hits you with a quarterstaff of chaos!
You die...

#......
######'###
#......# #
#####
#.########
#..)#
###.##.....'
#.(.#
#......#####
.(. ##.#####
# #g#
##....# #
##@# #...###
# #.## #..##
##.# #.##
#.## #.#
##.## #.#
#...## #.#
#....# #.#
#....# #.#
#....####.#


You could see Crazy Yiuf.

Vanquished Creatures
  2 adders (D:2)
  An ooze (D:1)
  2 dart slugs (D:1)
  A worm (D:2)
  A leopard gecko (D:2)
  A giant cockroach (D:2)
  4 goblins
  11 hobgoblins
  4 ball pythons
  4 bats
  A frilled lizard (D:2)
  10 kobolds
  4 rats
46 creatures vanquished.

Notes
Turn   | Place    | Note
-------+----------+-------------------------------------------
     0 | D:1      | Amnesiac the Mummy Hunter began the quest for the Orb.
     0 | D:1      | Reached XP level 1. HP: 16/16 MP: 1/1
   122 | D:1      | Reached XP level 2. HP: 22/22 MP: 2/2
   727 | D:1      | Reached XP level 3. HP: 28/28 MP: 3/3
  1093 | D:2      | Reached skill level 4 in Slings
  1118 | D:2      | Found a stormy altar of Qazlal.
  1697 | D:2      | Found a runed door.
  1795 | D:2      | Reached XP level 4. HP: 34/34 MP: 4/4
  1947 | D:2      | Noticed Crazy Yiuf
  1955 | D:2      | Paralysed by Crazy Yiuf for 6 turns
  1957 | D:2      | HP: 1/35 [Crazy Yiuf/quarterstaff of chaos (10)]
  1958 | D:2      | Mangled by Crazy Yiuf

Skill      XL: |  1  2  3  4 |
---------------+-------------+-----
Slings         | 4 |  4.3
Fighting       | 3 |  3.0
Dodging        | |  1.5
Stealth        | |  0.7

Action                   |  1- 3 |  4- 6 || total
-------------------------+-------+-------++-------
Melee: Short sword       |   142 |    14 ||   156
 Fire: Hunting sling     |    27 |     8 ||    35
Armor: Leather armour    |    42 |     2 ||    44
Dodge: Dodged            |   100 |    16 ||   116
